 Dungeon Crawl Stone Soup version 0.23-a0-475-g3200f6b (webtiles) character file.

4588 CyclopB the Nimble (level 10, -5/80 HPs)
             Began as a Demonspawn Gladiator on Jan 10, 2019.
             Was a Priest of Okawaru.
             Shot with an arrow by a centaur (16 damage)
             ... on level 2 of the Dungeon.
             The game lasted 00:16:40 (2152 turns).

CyclopB the Nimble (Demonspawn Gladiator)           Turns: 2152, Time: 00:16:42

Health: -5/80      AC: -4    Str: 14    XL:     10   Next: 18%
Magic:  12/12      EV: 19    Int: 10    God:    Okawaru [***...]
Gold:   84         SH:  6    Dex: 23    Spells: 9/9 levels left

rFire    . . .     SeeInvis .   a - +1 long sword
rCold    . . .     Gourm    .   (no shield)
rNeg     . . .     Faith    .   m - +0 leather armour (curse)
rPois    .         Spirit   .   (helmet restricted)
rElec    .         Reflect  .   (no cloak)
rCorr    .         Harm     .   (no gloves)
MR       .....                  i - +0 pair of boots
Stlth    ++........             (no amulet)
HPRegen  0.23/turn              n - +5 ring of dexterity
MPRegen  0.13/turn              (no ring)

@: corroded, flying
A: antennae 2, large bone plates 2, powered by death 1, spiny 1
a: Heroism, Renounce Religion


You were on level 2 of the Dungeon.
You worshipped Okawaru.
Okawaru was most pleased with you.
You were not hungry.

You visited 2 branches of the dungeon, and saw 3 of its levels.

You collected 84 gold pieces.

Inventory:

Hand Weapons
 a - a +1 long sword (weapon)
Missiles
 d - 3 throwing nets
 e - 43 bolts
 g - 25 stones (quivered)
 l - 35 sling bullets
 u - 5 tomahawks
Armour
 c - a +0 helmet
 i - a +0 pair of boots (worn)
 m - a cursed +0 leather armour (worn)
 s - a cursed -1 large shield
Jewellery
 b - a +4 ring of protection {unknown}
 n - a +5 ring of dexterity (left hand)
Wands
 t - a wand of paralysis (5)
Scrolls
 k - 2 scrolls of identify {unknown}
 o - a scroll of amnesia {unknown}
 p - 2 scrolls of teleportation {unknown}
 r - 2 scrolls of enchant weapon
 w - a scroll of holy word {unknown}
Potions
 h - 2 potions of heal wounds {unknown}
 j - a potion of might
 q - a potion of invisibility {unknown}
 x - a potion of flight
Comestibles
 f - 2 rations
 v - 6 chunks of flesh


   Skills:
 - Level 8.0 Fighting
 + Level 8.6 Long Blades
 - Level 1.7 Throwing
 * Level 8.6 Dodging
 - Level 2.8 Invocations


You had 9 spell levels left.
You didn't know any spells.
Your spell library was empty.

Dungeon Overview and Level Annotations

Branches:
Dungeon (2/3)              Temple (1/1) D:1
  Swamp: D:2-3       Shoals: D:2-3        Snake: D:2-3       Spider: D:2-3
  Slime: D:2-3          Orc: D:2         Vaults: D:2-3

Altars:
Ashenzari
Cheibriados
Dithmenos
Elyvilon
Fedhas
Gozag
Hepliaklqana
Kikubaaqudgha
Makhleb
Nemelex Xobeh
Okawaru
Qazlal
Ru
Sif Muna
Trog
Uskayaw
Vehumet
Wu Jian
Xom
Yredelemnul
Zin
The Shining One


Innate Abilities, Weirdness & Mutations

You have a pair of antennae on your head.
You are mostly covered in large bone plates. (SH +6)
You regenerate a little health from kills.
You are partially covered in sharp spines.


Message History

Your +0 long sword glows red for a moment.
The centaur shouts!
The centaur wields a +0 shortbow.
The centaur shoots an arrow.
You block the arrow.
The acid dragon is struck by your spines.
The acid dragon closely misses you.
You riposte.
You hit the acid dragon but do no damage.
The acid dragon is moderately wounded.
The acid dragon claws you.
* * * LOW HITPOINT WARNING * * *
The centaur shoots an arrow.
The arrow barely misses you.
The centaur shoots an arrow.
The arrow closely misses you.
You see here 2 arrows.
The acid dragon is struck by your spines.
The acid dragon bites you!
* * * LOW HITPOINT WARNING * * *
The acid dragon claws you.
* * * LOW HITPOINT WARNING * * *
The centaur shoots an arrow.
The arrow hits you!
You die...

#. #.#######.########## #.
#.#.<..............# #.
#.#)#####.########.#
######!######.#.# #.# #.#
..).........#.#)# #.# #.#
..........c..)).# #.# #.#
.......####.#)#######.########.#
c###### ###..(D.................
#.....(@.....[#####.#...
#####.###.######.## #.#.#.
#.....# #...# #.# #{#.#. #.###.#
#.#[# #†# #.#.#. ## #####)###
#.# #.#.#. #...#####(.(# #.#
#.H.#. #.8..)....8.# #.# ###.#
#o..#####...# #.# .. ## '####
... ..


You could see an acid dragon and a centaur.

Vanquished Creatures
  A hippogriff (D:2)
  An ogre (D:1)
  A centaur (D:2)
  A bullfrog (D:1)
  A scorpion (D:2)
  3 wights (D:1)
  A bullfrog zombie (D:1)
  A hound (D:2)
  6 orc wizards
  An orc priest (D:2)
  A worker ant (D:1)
  A worker ant zombie (D:1)
  An adder (D:1)
  A leopard gecko (D:1)
  21 orcs
42 creatures vanquished.

Notes
Turn   | Place    | Note
-------+----------+-------------------------------------------
     0 | D:1      | CyclopB the Demonspawn Gladiator began the quest for the
                  | Orb.
     0 | D:1      | Reached XP level 1. HP: 16/16 MP: 1/1
    76 | D:1      | Found a blossoming altar of Fedhas.
   113 | D:1      | Gained mutation: You regenerate a little health from kills.
                  | [demonic ancestry]
   113 | D:1      | Reached XP level 2. HP: 22/22 MP: 2/2
   154 | D:1      | Gained mutation: You are partially covered in large bone
                  | plates. (SH +4) [demonic ancestry]
   154 | D:1      | Reached XP level 3. HP: 27/27 MP: 3/3
   174 | D:1      | Gained mutation: You are partially covered in sharp spines.
                  | [demonic ancestry]
   174 | D:1      | Reached XP level 4. HP: 9/33 MP: 4/4
   174 | D:1      | Gained mutation: You have a pair of small antennae on your
                  | head. [demonic ancestry]
   174 | D:1      | Reached XP level 5. HP: 11/38 MP: 5/5
   486 | D:1      | Reached XP level 6. HP: 34/44 MP: 6/6
   490 | D:1      | Reached skill level 5 in Long Blades
   621 | D:1      | Found a bloodstained altar of Trog.
   632 | D:1      | Reached skill level 5 in Dodging
   787 | D:1      | Found a staircase to the Ecumenical Temple.
   814 | D:1      | Gained mutation: You have a pair of antennae on your head.
                  | [demonic ancestry]
   814 | D:1      | Reached XP level 7. HP: 38/50 MP: 7/7
   868 | Temple   | Entered the Ecumenical Temple
   973 | Temple   | Became a worshipper of Warmaster Okawaru
   996 | D:1      | Found an ancient bone altar of Kikubaaqudgha.
  1122 | D:1      | Reached * piety under Okawaru
  1127 | D:1      | Gained mutation: You are mostly covered in large bone
                  | plates. (SH +6) [demonic ancestry]
  1127 | D:1      | Reached XP level 8. HP: 40/57 MP: 7/10
  1410 | D:1      | Found a hide-covered altar of Uskayaw.
  1624 | D:1      | Reached ** piety under Okawaru
  1624 | D:1      | Reached XP level 9. HP: 72/72 MP: 8/11
  1685 | D:1      | Found a sacrificial altar of Ru.
  1689 | D:1      | Found an ornate altar of the Wu Jian Council.
  1690 | D:1      | Found a shadowy altar of Dithmenos.
  1692 | D:1      | Found a sparkling altar of Nemelex Xobeh.
  1693 | D:1      | Found a shattered altar of Ashenzari.
  1829 | D:2      | Noticed a white ugly thing
  2038 | D:2      | Reached *** piety under Okawaru
  2090 | D:2      | Reached XP level 10. HP: 80/80 MP: 12/12
  2152 | D:2      | Shot with an arrow by a centaur

Vault maps used:
D:1:      dpeg_arrival_yet_another_circle, lemuel_round_altar,
          old_standard_altar, old_standard_altar, overflow_temple_1_default,
          minitemple, minmay_temple_entry_butterflies, chequers_jeans
D:2:      nicolae_spider_entry_tight_spaces, dpeg_slime_entry_corner,
          hiddenorc2_lemuel, erik_vaults_1, moated_statue, uniq_sigmund
Temple:   dshaligram_water_room_temple

Skill      XL: |  1  2  3  4  5  6  7  8  9 |
---------------+----------------------------+-----
Long Blades    | 3 4 5 6 8 |  8.6
Dodging        | 3 4 5 6 8 |  8.6
Invocations    | 2 |  2.8
Fighting       | 7 8 |  8.0
Throwing       | |  1.7

Action                   |  1- 3 |  4- 6 |  7- 9 | 10-12 || total
-------------------------+-------+-------+-------+-------++-------
Melee: Long sword        |    10 |    28 |    86 |     9 ||   133
Throw: Stone             |       |     3 |    14 |     1 ||    18
       Tomahawk          |       |       |     4 |       ||     4
Invok: Heroism           |       |       |     1 |       ||     1
  Use: Potion            |     1 |       |       |     1 ||     2
       Scroll            |       |       |       |     1 ||     1
 Stab: Sleeping          |       |       |     1 |       ||     1
  Eat: Ration            |       |       |     1 |       ||     1
       Chunk             |       |       |       |     1 ||     1
Armor: Leather armour    |     1 |     2 |     4 |       ||     7
Dodge: Dodged            |     5 |    14 |    46 |     7 ||    72
Block: Other             |     1 |     4 |    14 |     4 ||    23
       Rpst.: Long sword |     1 |     6 |    16 |     4 ||    27

Table legend:
 A = Non-vault XP
 B = Vault XP
 C = Vault XP percentage of total XP
 D = Non-vault monster count
 E = Vault monster count
 F = Vault count percentage of total count
                 A         B        C        D         E       F
            +---------+---------+-------+---------+---------+-------
      Total |    5385 |    1170 |  17.8 |      25 |      17 |  40.5
            +---------+---------+-------+---------+---------+-------
        D:1 |    3020 |       0 |   0.0 |      20 |       0 |   0.0
        D:2 |    2365 |    1170 |  33.1 |       5 |      17 |  77.3
            +---------+---------+-------+---------+---------+-------
